 Dungeon Crawl Stone Soup version 0.20.0-15-g7f486f2 (webtiles) character file.

4711 vishdafish the Blocker (level 10, -1/61 HPs)
             Began as a Gargoyle Fighter on June 25, 2017.
             Slain by Joseph
             ... wielding a +0 quarterstaff
              (2 damage)
             ... on level 8 of the Dungeon.
             The game lasted 00:14:07 (8396 turns).

vishdafish the Blocker (Gargoyle Fighter)           Turns: 8396, Time: 00:14:07

Health: -1/61      AC: 16    Str: 22    XL:     10   Next: 45%
Magic:  10/10      EV: 10    Int:  8    God:
Gold:   190        SH: 12    Dex: 11    Spells: 9/9 levels left

rFire    . . .     SeeInvis .   D - +1 whip (elec)
rCold    . . .     Gourm    .   c - +0 shield
rNeg     + . .     Faith    .   b - +0 scale mail
rPois    ∞         Spirit   .   t - +0 helmet
rElec    +         Reflect  .   (no cloak)
rCorr    .         Harm     .   (no gloves)
MR       .....                  (no boots)
Stlth    ..........             (no amulet)
Regen    0.2/turn               (no ring)
MPRegen  0.2/turn               (no ring)

@: very slightly contaminated, invisible
A: negative energy resistance 1, electricity resistance, unbreathing,
petrification resistance, rot immunity, AC +7
a: no special abilities


You were on level 8 of the Dungeon.
You were not hungry.

You visited 2 branches of the dungeon, and saw 9 of its levels.

You collected 302 gold pieces.
You spent 112 gold pieces at shops.

Inventory:

Hand Weapons
 a - a +0 flail
 D - a +1 whip of electrocution (weapon)
 F - a +1 whip of freezing
 J - the +4 rapier of World's End {flame, rElec Int+4 Dex+2}
   (You took it off a gnoll on level 7 of the Dungeon)

   It has been specially enchanted to burn those struck by it, causing extra
   injury to most foes and up to half again as much damage against particularly
   susceptible opponents.
   It affects your intelligence (+4).
   It affects your dexterity (+2).
   It insulates you from electricity.
Armour
 b - a +0 scale mail (worn)
 c - a +0 shield (worn)
 t - a +0 helmet (worn)
Jewellery
 n - an uncursed ring of wizardry {unknown}
Wands
 z - a wand of iceblast (6/15)
 B - a wand of enslavement (9/24)
 C - a wand of acid (9/15)
Scrolls
 e - 4 scrolls of magic mapping {unknown}
 g - 2 scrolls of immolation
 i - 6 scrolls of amnesia
 k - 2 scrolls of recharging {unknown}
 l - a scroll of silence {unknown}
 o - 4 scrolls of teleportation {unknown}
 q - 3 scrolls of remove curse {unknown}
 u - 5 scrolls of random uselessness {unknown}
 v - 2 scrolls of fear {unknown}
 y - 2 scrolls of enchant weapon {unknown}
 G - 2 scrolls of blinking
Potions
 d - a potion of invisibility
 p - a potion of brilliance
 r - a potion of magic
 s - 2 potions of flight
 w - a potion of haste
 A - 2 potions of degeneration
 H - 3 potions of mutation
 I - a potion of cancellation
Books
 x - a book of Misfortune

   Spells                             Type                      Level
   a - Confusing Touch                Hexes                        1
   b - Confuse                        Hexes                        3
   c - Gell's Gravitas                Translocation                3
   d - Petrify                        Transmutation/Earth          4
   e - Metabolic Englaciation         Hexes/Ice                    5
   f - Yara's Violent Unravelling     Hexes/Transmutation          5
Comestibles
 f - 4 bread rations
 j - 19 fruits
 m - 9 royal jellies


   Skills:
 + Level 6.5 Fighting
 + Level 8.4 Maces & Flails
 + Level 7.4 Armour
 + Level 4.0 Dodging
 + Level 1.0 Stealth
 + Level 9.7 Shields


You had 9 spell levels left.
You didn't know any spells.

Dungeon Overview and Level Annotations

Branches:
Dungeon (8/15)             Temple (1/1) D:5
   Lair: D:8-11

Altars:
Ashenzari
Cheibriados
Dithmenos
Elyvilon
Fedhas
Gozag
Hepliaklqana
Kikubaaqudgha
Makhleb
Nemelex Xobeh
Qazlal
Ru
Sif Muna
Trog
Uskayaw
Vehumet
Xom
Yredelemnul
Zin
The Shining One

Shops:
D:4 =   D:7 !   D:8 *

Annotations:
D:8 Joseph


Innate Abilities, Weirdness & Mutations

You are resistant to torment.
Your stone body is resilient. (AC +7)
You are immune to poison.
You resist negative energy. (rN+)
You are resistant to electric shocks. (rElec)
You can survive without breathing.
You are immune to petrification.
You are immune to rotting.


Message History

Your shield and scale mail prevent you from hitting Joseph.
Joseph is heavily wounded.
You hit Joseph.
Joseph is heavily wounded.
Joseph hits you with an uncursed quarterstaff!
* * * LOW HITPOINT WARNING * * *
You fade into invisibility!
Joseph closely misses you.
You are very lightly contaminated with residual magic.
You closely miss Joseph.
Joseph is heavily wounded.
Joseph hits you with an uncursed quarterstaff.
* * * LOW HITPOINT WARNING * * *
You strike the helpless Joseph from behind!
You hit Joseph.
Joseph is severely wounded.
You closely miss Joseph.
Joseph is severely wounded.
Joseph hits you with an uncursed quarterstaff.
You die...

#.........(.#...#...#
......#
#........))(#...#...#
......
#........)).#...#(..#
.#...
#...#######'#...#(..#####
#.#. #...#
......8.#(......# #.#.
#...# .8.....(#(......#
#.#. #...#
....[...#.......# ###.#.
#...# #..(([..#@###...#
#..... #....
+.../...@...#...#. #....#
# #......8....# ..#.
#....# #
....#.8.........#
.#..#....#
#####...#...#'#######
#..#....+ ....#...#...#.
#..#....# ###.#...#.. #.
#....)..> ###.#...#. #.
#........ ....#...#####
#+#####...#.
....#........
#.......###.


You could see Joseph.

Vanquished Creatures
  Pikel (D:7)
  Psyche (D:8)
  A queen bee (D:7)
  Prince Ribbit (D:7)
  2 hippogriffs
  A hungry ghost (D:8)
  The ghost of StylePro the Skirmisher, an amateur NaFi (D:3)
  2 orc warriors
  A necrophage (D:5)
  2 ogres
  2 centaurs (D:8)
  A bullfrog (D:7)
  A gnoll sergeant (D:7)
  A water moccasin skeleton (D:7)
  19 killer bees
  4 wights (D:8)
  3 howler monkeys
  A bullfrog zombie (D:7)
  A crimson imp (D:5)
  3 jellies
  A centaur skeleton (D:5)
  3 hounds
  An orc priest (D:4)
  A bullfrog skeleton (D:6)
  5 iguanas
  6 orc wizards
  2 worker ants
  A hound skeleton (D:5)
  A howler monkey zombie (D:8)
  12 gnolls
  14 adders
  A howler monkey skeleton (D:7)
  A shadow imp (D:6)
  An ooze (D:2)
  An adder zombie (D:5)
  An adder skeleton (D:5)
  A worm (D:5)
  2 dart slugs
  4 leopard geckos
  19 orcs
  A ball python (D:5)
  3 bats
  6 giant cockroaches
  9 hobgoblins
  3 jackals (D:5)
  A quokka (D:3)
  6 frilled lizards
  7 goblins
  8 kobolds
  A leopard gecko skeleton (D:5)
  2 leopard gecko zombies
  A quokka zombie (D:8)
  5 rats
180 creatures vanquished.

Vanquished Creatures (others)
  4 slaves (D:7)
  A bullfrog (D:7)
  A big kobold (D:7)
  A crimson imp (D:7)
  A centaur zombie (D:7)
  3 kobolds (D:7)
  2 quokkas (D:7)
  5 toadstools (D:1)
18 creatures vanquished.

Grand Total: 198 creatures vanquished

Notes
Turn   | Place    | Note
-------+----------+-------------------------------------------
     0 | D:1      | vishdafish the Gargoyle Fighter began the quest for the Orb.
     0 | D:1      | Reached XP level 1. HP: 14/14 MP: 1/1
   184 | D:1      | Reached XP level 2. HP: 18/19 MP: 2/2
   630 | D:2      | Found a snail-covered altar of Cheibriados.
   702 | D:2      | Reached XP level 3. HP: 14/23 MP: 3/3
   855 | D:2      | Reached skill level 4 in Shields
   942 | D:2      | Found a faded altar of an unknown god.
   964 | D:2      | Reached XP level 4. HP: 28/28 MP: 4/4
  1672 | D:3      | Noticed StylePro's ghost (amateur NaFi)
  1680 | D:3      | Killed StylePro's ghost
  1680 | D:3      | Reached XP level 5. HP: 28/33 MP: 5/5
  1806 | D:3      | Found a glowing golden altar of the Shining One.
  2559 | D:4      | Reached skill level 1 in Dodging
  2559 | D:4      | Reached skill level 5 in Shields
  2559 | D:4      | Reached XP level 6. HP: 18/38 MP: 6/6
  2727 | D:4      | Found Vofinugy's Jewellery Boutique.
  2728 | D:4      | Found a sparkling altar of Nemelex Xobeh.
  2748 | D:4      | Found an opulent altar of Gozag.
  3348 | D:4      | Found a sparkling altar of Nemelex Xobeh.
  3626 | D:4      | Reached XP level 7. HP: 36/43 MP: 7/7
  3724 | D:5      | Entered Level 5 of the Dungeon
  3786 | D:5      | Reached skill level 5 in Maces & Flails
  3970 | D:5      | Reached skill level 6 in Shields
  3975 | D:5      | Found a staircase to the Ecumenical Temple.
  3984 | Temple   | Entered the Ecumenical Temple
  4937 | D:5      | Found an ancient bone altar of Kikubaaqudgha.
  4965 | D:5      | Reached XP level 8. HP: 44/48 MP: 8/8
  5165 | D:6      | Found a hide-covered altar of Uskayaw.
  5314 | D:6      | Found a glowing silver altar of Zin.
  5314 | D:6      | Found a blossoming altar of Fedhas.
  5323 | D:6      | Found a snail-covered altar of Cheibriados.
  5351 | D:6      | Noticed a hippogriff
  5363 | D:6      | Killed a hippogriff
  5363 | D:6      | Reached skill level 5 in Armour
  5363 | D:6      | Reached skill level 1 in Stealth
  5427 | D:6      | Found a white marble altar of Elyvilon.
  5513 | D:6      | Found a radiant altar of Vehumet.
  5826 | D:6      | Reached skill level 5 in Fighting
  5856 | D:6      | Reached skill level 7 in Shields
  5941 | D:7      | Noticed Pikel
  5959 | D:7      | Killed Pikel
  5959 | D:7      | Reached XP level 9. HP: 42/54 MP: 9/9
  6053 | D:7      | Noticed Prince Ribbit
  6068 | D:7      | Killed Prince Ribbit
  6336 | D:7      | Reached skill level 8 in Shields
  6735 | D:7      | Got a crude rapier {flame}
  6736 | D:7      | Identified the +4 rapier of World's End {flame, rElec Int+4 Dex+2} (You took it off a gnoll on level 7 of the Dungeon)
  6877 | D:7      | Found Kuzeeqem's Distillery.
  6885 | D:7      | Bought a potion of mutation for 112 gold pieces
  7541 | D:8      | Noticed a queen bee
  7570 | D:7      | Killed a queen bee
  7570 | D:7      | Reached XP level 10. HP: 15/60 MP: 10/10
  7838 | D:8      | Reached skill level 9 in Shields
  7904 | D:8      | Noticed Psyche
  7916 | D:8      | Killed Psyche
  8175 | D:8      | Found Iiafawnsawy's Incredible Inventory.
  8242 | D:8      | Found a deep blue altar of Sif Muna.
  8340 | D:8      | Noticed Joseph
  8392 | D:8      | HP: 3/61 [Joseph/uncursed quarterstaff (8)]
  8394 | D:8      | HP: 1/61 [Joseph/uncursed quarterstaff (3)]
  8396 | D:8      | Slain by Joseph

Skill      XL: |  1  2  3  4  5  6  7  8  9 10 |
---------------+-------------------------------+-----
Shields        | 4 5 6 7 8 9 |  9.7
Maces & Flails | 3 4 5 6 7 8 |  8.4
Fighting       | 4 5 6 |  6.5
Dodging        | 1 2 3 4 |  4.0
Armour         | 4 5 6 7 |  7.4
Stealth        | 1 |  1.0

Action                   |  1- 3 |  4- 6 |  7- 9 | 10-12 || total
-------------------------+-------+-------+-------+-------++-------
Melee: Flail             |   101 |   214 |   154 |       ||   469
       Whip              |       |       |   370 |   197 ||   567
  Use: Potion            |       |     2 |     6 |     1 ||     9
       Scroll            |       |       |       |     7 ||     7
 Stab: Invisible         |       |       |     1 |     1 ||     2
  Eat: Bread ration      |       |     2 |       |       ||     2
       Chunk             |       |     1 |     2 |       ||     3
       Meat ration       |       |       |     2 |     1 ||     3
Armor: Scale mail        |    45 |   110 |   274 |    65 ||   494
Dodge: Dodged            |    23 |    69 |   193 |    73 ||   358
Block: Shield            |    50 |   108 |   346 |   106 ||   610
